 Dungeon Crawl Stone Soup version 0.31.0-11-ge490571c62 (webtiles) character file.

Game seed: 14228474668838686552

29997 Esekla the Covert (level 13, -5/88 HPs)
             Began as an Octopode Wanderer on Jan 29, 2024.
             Was an Initiate of Gozag.
             Killed from afar by a lightning spire (23 damage)
             ... with a bolt of electricity
             ... in a Gauntlet.
             The game lasted 02:57:35 (19972 turns).

Esekla the Covert (Octopode Wanderer)              Turns: 19972, Time: 02:57:35

Health: -5/88      AC: 15    Str: 16    XL:     13   Next: 48%
Magic:  24/24      EV: 16    Int: 16    God:    Gozag
Gold:   1196       SH: 13    Dex: 16    Spells: 14/27 levels left

rFire   + + .        a - +3 long sword (protect)
rCold   x . .        h - +3 buckler {AC+3}
rNeg    . . .        b - +0 hat
rPois   .            i - amulet of reflection
rElec   .            A - +6 ring of strength
rCorr   +            z - ring of protection from fire
SInv    .            f - ring of flight
Will    .....        S - ring of resist corrosion
Stlth   ++++++       V - +4 ring of protection
HPRegen 0.34/turn    H - ring of fire
MPRegen 0.19/turn    (no ring)
                     (no ring)

%: no teleportation, reflection
@: under a protective aura, flying
A: almost no armour, amphibious, 8 rings, camouflage 1, gelatinous body 1,
(nimble swimmer 1), tentacles
a: Renounce Religion, Potion Petition, Call Merchant, Bribe Branch


You were in a Gauntlet.
You worshipped Gozag.
Gozag was most pleased with you.
You visited 4 branches of the dungeon, and saw 16 of its levels.
You also visited: Bailey and Gauntlet.

You collected 2997 gold pieces.
You spent 434 gold pieces at shops.
You paid 1367 gold pieces to Gozag.

Inventory:

Hand Weapons
 a - a +3 long sword of protection (weapon)
 c - the +0 dagger of Iteabb {spect, *Slow rElec Str-3 Int+7}
   (You took it off an orc on level 5 of the Dungeon)

   Str-3:     It affects your strength (-3).
   Int+7:     It affects your intelligence (+7).
   rElec:     It insulates you from electricity.
   *Slow:     It may slow you when you take damage.
 e - a +1 dagger of electrocution
 r - a +2 spear of flaming
 s - a +2 dagger of venom
 w - a +1 long sword of holy wrath
Missiles
 p - 20 poisoned darts (quivered)
 y - 11 boomerangs
 Q - 6 javelins
 U - 3 silver javelins
Armour
 b - a +0 hat (worn)
 g - a +3 buckler
 h - a +3 buckler of protection (worn)
 l - a +2 kite shield
Magical Staves
 d - a staff of death
Jewellery
 f - a ring of flight (on tentacle)
 i - an amulet of reflection (around mantle)
 z - a ring of protection from fire (right tentacle)
 A - a +6 ring of strength (left tentacle)
 D - a ring of ice
 H - a ring of fire (on tentacle)
 S - a ring of resist corrosion (on tentacle)
 V - a +4 ring of protection (on tentacle)
Wands
 u - a wand of flame (78)
 v - a wand of paralysis (20)
 K - a wand of iceblast (1)
Scrolls
 j - a scroll of blinking
 k - a scroll of silence
 m - 2 scrolls of fear
 o - a scroll of torment {unknown}
 x - 3 scrolls of enchant armour
 C - a scroll of immolation {unknown}
 F - 4 scrolls of poison
 I - 4 scrolls of fog
 L - a scroll of vulnerability {unknown}
 X - 4 scrolls of enchant weapon
Potions
 n - a potion of invisibility
 q - 3 potions of lignification
 t - a potion of haste
 B - 2 potions of magic
 N - a potion of mutation
 P - a potion of attraction


   Skills:
 * Level 7.8 Fighting
 + Level 4.9 Short Blades
 + Level 1.0(3.2) Long Blades
 + Level 3.3 Throwing
 * Level 7.7 Dodging
 + Level 11.2 Stealth
 + Level 5.0 Shields
 * Level 7.9 Spellcasting
 * Level 7.2 Conjurations
 * Level 7.5 Necromancy
 * Level 5.1 Translocations
 * Level 7.6 Air Magic
 + Level 4.7 Alchemy
 + Level 1.0 Invocations


You had 14 spell levels left.
You knew the following spells:

 Your Spells              Type           Power      Damage    Failure   Level
a - Sting                 Conj/Alch      100%       1d9       1%          1
b - Blink                 Tloc           44%        N/A       2%          2
c - Mephitic Cloud        Conj/Alch/Air  27%        N/A       3%          3
d - Vampiric Draining     Necr           30%        2d8       1%          3
u - Dispel Undead         Necr           30%        3d14      6%          4

Your spell library contained the following spells:

 Spells                   Type           Power      Damage    Failure   Level
 Kiss of Death            Conj/Necr      100%       2d13      1%          1
 Momentum Strike          Conj/Tloc      52%        3d9       1%          2
 Lesser Beckoning         Tloc           44%        N/A       2%          2
 Gell's Gravitas          Tloc           22%        N/A       5%          3
 Teleport Other           Tloc           22%        N/A       5%          3
 Dazzling Flash           Conj/Hex       34%        N/A       10%         3
 Slow                     Hex            24%        N/A       14%         1
 Summon Small Mammal      Summ           24%        N/A       14%         1
 Curse of Agony           Necr           30%        N/A       19%         5
 Call Canine Familiar     Summ           6%         N/A       41%         3
 Confusing Touch          Hex            6%         N/A       41%         3
 Sigil of Binding         Hex            6%         N/A       41%         3
 Silence                  Hex/Air        9%         N/A       63%         5
 Summon Blazeheart Golem  Fire/Summ      9%         N/A       82%         4
 Dispersal                Tloc           11%        N/A       95%         6
 Malign Gateway           Summ/Tloc      7%         N/A       100%        7
 Summon Horrible Things   Summ           3%         N/A       100%        8


Dungeon Overview and Level Annotations

Branches:
Dungeon (12/15)            Temple (1/1) D:7            Lair (1/5) D:10
    Orc (2/2) D:12         Bailey (visited)         Gauntlet (1/1)
    Elf: Orc:2

Altars:
Ashenzari
Cheibriados
Dithmenos
Elyvilon
Fedhas
Gozag
Hepliaklqana
Kikubaaqudgha
Makhleb
Nemelex Xobeh
Okawaru
Qazlal
Ru
Sif Muna
Trog
Uskayaw
Vehumet
Wu Jian
Xom
Yredelemnul
Zin
The Shining One

Shops:
D:7 *   D:8 :   D:10 *:*

Annotations:
D:4 1 runed translucent door
D:9 3 runed translucent doors, DaftaChap's ghost, journeyman GnCA; thirtiethelement's ghost, novice DsBe Gauntlet 13 transporters, 21 runed translucent doors, exclusion: 3 lightning spires


Innate Abilities, Weirdness & Mutations

You cannot wear most types of armour.
You are amphibious.
You can wear up to eight rings at the same time.
Your skin changes colour to match your surroundings (Stealth+).
Your rubbery body absorbs attacks. (AC +1, EV +1)
((You are camouflaged when in or above water. (Stealth+)))
You have tentacles for arms and can constrict up to eight enemies at once.


Message History

The lightning spire shoots out a bolt of lightning at you!
The bolt of electricity hits you!!
You start resting.
The hell hound stops to sniff the ground.
The raiju barks!
The hell hound pauses to sniff the ground.
HP restored.
The lightning spire shoots out a bolt of lightning at you!
The bolt of electricity hits you! The bolt of electricity misses you.
The bolt of electricity hits the lightning spire.
The lightning spire completely resists.
You slash the lightning spire!
Your weapon exudes an aura of protection.
You grab the lightning spire.
You squeeze the lightning spire, but do no damage.
The lightning spire is lightly damaged.
You constrict the lightning spire.
The lightning spire shoots out a bolt of lightning at you!
The bolt of electricity hits you. The bolt of electricity hits you!!
The bolt of electricity hits the lightning spire.
The lightning spire completely resists.
You hit the lightning spire but do no damage.
You squeeze the lightning spire, but do no damage.
The lightning spire is moderately damaged.
You constrict the lightning spire.
The lightning spire shoots out a bolt of lightning at you!
The bolt of electricity misses you. The bolt of electricity hits you!!
The bolt of electricity hits the lightning spire.
The lightning spire completely resists.
Okay, then.
Unknown command.
You hit the lightning spire but do no damage.
The lightning spire is moderately damaged.
You constrict the lightning spire, but do no damage.
The lightning spire shoots out a bolt of lightning at you!
The bolt of electricity hits you!
* * * LOW HITPOINT WARNING * * *
The bolt of electricity hits you!!
You die...
Your body crumbles into a pile of gold.

.......#.#..+..+.b.#.#..........#
.......#.#..+..+hhb#.#..........#
########.###########.#########...
©........#≈§§§8§≈≈§#........©#...
########.###########.############
©?...#.#.#.........#.#.#..#h.....
.##..#.#.#...###...#.#.#...#.....
#..#.#.#.#....#....#.#.#...#....#
#..#.#.#.#.#..#.@#!#.#.#...©#.##.
###..#.#©#.######8©#©#.#...###...
#..#.#.###.#.©#..#"###.#h##.#....
#..#.#...#....#...!#...##....#...
.##..#...#...###...#...#h...8#...
.....#...#.......8.#...#...$©=#.!
######...###########...##########
©......≈.............≈...........
......§8≈§..........§8≈..........


You could see 2 lightning spires, a hell hog, a hell hound and a fire bat.

Vanquished Creatures
  An orc warlord (D:12)
  2 vault guards (Bailey)
  Harold (Orc:1)
  2 hydras (Lair:1)
  3 two-headed ogres
  3 boulder beetles
  3 death yaks (D:12)
  An iron troll (D:12)
  2 deep trolls (D:12)
  2 orc knights (Orc:1)
  2 ugly things (D:12)
  Maurice (D:7)
  A cyclops (D:12)
  A black mamba (Lair:1)
  A kobold blastminer (Orc:1)
  2 cane toads (Lair:1)
  A gargoyle (D:12)
  A kobold demonologist (D:12)
  An ice devil (Gauntlet)
  11 trolls
  Prince Ribbit (Bailey)
  A blink frog (Lair:1)
  2 raiju (Gauntlet)
  10 yaks
  A wraith (D:11)
  4 wyverns
  4 humans (Bailey)
  5 basilisks
  2 wargs
  3 vampire mosquitoes (D:12)
  2 acid dragons
  5 water moccasins
  A swamp drake (D:10)
  27 orc warriors
  3 black bears
  4 ogres
  3 centaurs
  2 phantoms (D:6)
  2 kobold brigands
  A gnoll sergeant (D:7)
  13 bullfrogs
  2 scorpions
  9 wights
  6 killer bees (D:5)
  6 howler monkeys (D:9)
  A lava snake (D:8)
  4 bombardier beetles
  2 hounds
  12 orc priests
  Crazy Yiuf (D:2)
  A gnoll bouda (D:7)
  3 sleepcaps
  10 orc wizards
  4 iguanas
  13 gnolls
  7 adders
  3 shadow imps
  3 white imps
  2 ufetubi
  6 ribbon worms
  2 dart slugs
  62 orcs
  4 ball pythons
  7 endoplasms
  3 giant cockroaches
  9 goblins
  6 hobgoblins
  5 jackals
  4 quokkas
  2 bats
  5 frilled lizards
  19 kobolds
  4 rats
365 creatures vanquished.

Notes
Turn   | Place    | Note
-------+----------+-------------------------------------------
     0 | D:1      | Esekla the Octopode Wanderer began the quest for the Orb.
     0 | D:1      | Esekla set off with the following items: a +0 dagger, a +0
                  | hat, a scroll of teleportation, a +2 buckler; and the
                  | following spell memorised: Sting; and the following spells
                  | available to memorise: Mephitic Cloud.
     0 | D:1      | Reached XP level 1. HP: 11/11 MP: 2/2
   291 | D:1      | Reached XP level 2. HP: 18/18 MP: 3/3
   611 | D:2      | Reached skill level 1 in Fighting
   704 | D:2      | Reached XP level 3. HP: 23/23 MP: 4/4
   708 | D:2      | Learned a level 3 spell: Mephitic Cloud
   769 | D:2      | Found a runed translucent door.
   770 | D:2      | Noticed Crazy Yiuf
   988 | D:2      | Reached skill level 3 in Stealth
  1070 | D:2      | Reached skill level 1 in Air Magic
  1361 | D:3      | Reached XP level 4. HP: 26/28 MP: 6/6
  1550 | D:3      | Reached skill level 1 in Short Blades
  1550 | D:3      | Reached skill level 1 in Conjurations
  1550 | D:3      | Reached XP level 5. HP: 33/33 MP: 7/7
  1676 | D:3      | Found an ancient bone altar of Kikubaaqudgha.
  1693 | D:3      | Found a glowing silver altar of Zin.
  2138 | D:4      | Found a hazy altar of Hepliaklqana.
  2201 | D:4      | Found an iron altar of Okawaru.
  2202 | D:4      | Found a runed translucent door.
  2206 | D:4      | Found the +0 toga "Victory" {*Victory Clar}
  2207 | D:4      | Noticed an ogre
  2208 | D:4      | Reached skill level 4 in Stealth
  2505 | D:4      | Reached XP level 6. HP: 37/39 MP: 5/8
  2891 | D:5      | Entered Level 5 of the Dungeon
  2958 | D:5      | Found a white marble altar of Elyvilon.
  2958 | D:5      | Noticed a black bear
  2977 | D:5      | Killed a black bear
  2978 | D:5      | Reached skill level 5 in Stealth
  3084 | D:5      | Reached XP level 7. HP: 45/45 MP: 10/10
  3110 | D:5      | Identified the +0 dagger of Iteabb {spect, *Slow rElec
                  | Str-3 Int+7}
  3988 | D:5      | Reached skill level 6 in Stealth
  3988 | D:5      | Reached skill level 1 in Necromancy
  3994 | D:5      | Reached XP level 8. HP: 15/51 MP: 10/12
  4470 | D:7      | Noticed Maurice
  4497 | D:7      | Noticed a wyvern
  4508 | D:7      | Found a staircase to the Ecumenical Temple.
  4530 | Temple   | Entered the Ecumenical Temple
  4538 | Temple   | Became a worshipper of Gozag Ym Sagoz the Greedy
  4731 | D:7      | Found Takywk's Lightly-Used Armoury.
  5130 | D:7      | Killed a wyvern
  5599 | D:6      | Learned a level 4 spell: Dispel Undead
  6031 | D:6      | Reached XP level 9. HP: 44/58 MP: 13/13
  6372 | D:2      | Killed Crazy Yiuf
  7021 | D:6      | Reached skill level 7 in Stealth
  7129 | D:7      | Maurice stole 10 poisoned darts
  7271 | D:7      | Killed Maurice
  7976 | D:8      | Found a shadowy altar of Dithmenos.
  8334 | D:8      | Found a sparkling altar of Nemelex Xobeh.
  8592 | D:9      | Reached XP level 10. HP: 37/65 MP: 14/16
  9041 | D:8      | Reached skill level 5 in Dodging
  9251 | D:8      | Found a hide-covered altar of Uskayaw.
  9403 | D:9      | Found a runed translucent gate.
  9404 | D:9      | Found a runed translucent gate.
  9405 | D:9      | Found a runed translucent gate.
  9406 | D:9      | Noticed DaftaChap's ghost (journeyman GnCA)
  9407 | D:9      | Noticed thirtiethelement's ghost (novice DsBe)
  9456 | D:9      | Noticed a skeletal warrior
  9461 | D:9      | Noticed a two-headed ogre
  9511 | D:9      | Reached skill level 8 in Stealth
  9796 | D:9      | Reached skill level 5 in Fighting
  9796 | D:9      | Reached skill level 5 in Air Magic
  9955 | D:10     | Entered Level 10 of the Dungeon
 10000 | D:10     | Noticed a two-headed ogre
 10009 | D:10     | Found Igicit Wizi's Mass Market.
 10009 | D:10     | Noticed a two-headed ogre
 10069 | D:10     | Killed a two-headed ogre
 10070 | D:10     | Reached skill level 1 in Throwing
 10077 | D:10     | Learned a level 2 spell: Blink
 10287 | D:10     | Found Meyto's General Store.
 10290 | D:10     | Bought a scroll of teleportation for 42 gold pieces
 10305 | D:10     | Found a flagged portal.
 10391 | D:10     | Reached skill level 9 in Stealth
 10430 | Bailey   | Entered a bailey
 10466 | Bailey   | Reached skill level 1 in Translocations
 10481 | Bailey   | Reached skill level 5 in Conjurations
 10724 | Bailey   | Noticed a vault guard
 10757 | Bailey   | Killed a vault guard
 10758 | Bailey   | Reached XP level 11. HP: 9/72 MP: 12/18
 11049 | Bailey   | Noticed Prince Ribbit
 11049 | Bailey   | Noticed a vault guard
 11071 | Bailey   | Killed Prince Ribbit
 11218 | Bailey   | Killed a vault guard
 11219 | Bailey   | Reached skill level 5 in Spellcasting
 11380 | D:8      | Bought a book of Debilitation for 392 gold pieces
 11384 | D:8      | Learned a level 3 spell: Vampiric Draining
 11635 | D:10     | Reached skill level 10 in Stealth
 11810 | D:10     | Killed a two-headed ogre
 11811 | D:10     | Reached skill level 5 in Necromancy
 13828 | D:12     | Noticed a two-headed ogre
 13850 | D:12     | Noticed a death yak
 13855 | D:12     | Noticed a death yak
 13856 | D:12     | Noticed a death yak
 13921 | D:12     | HP: 1/72 [troll (14)]
 13938 | D:12     | Noticed a boulder beetle
 14756 | D:11     | Killed a boulder beetle
 14936 | D:12     | Killed a two-headed ogre
 15026 | D:12     | Noticed a boulder beetle
 15113 | D:12     | Killed a boulder beetle
 15122 | D:12     | Noticed a boulder beetle
 15162 | D:12     | Noticed a red ugly thing
 15165 | D:12     | Noticed a red ugly thing
 15189 | D:12     | Killed a boulder beetle
 15190 | D:12     | Reached XP level 12. HP: 64/80 MP: 17/20
 15638 | D:12     | Found a staircase to the Orcish Mines.
 15888 | D:12     | Killed a death yak
 15939 | D:12     | Killed a death yak
 16003 | D:12     | Noticed an iron troll
 16297 | D:12     | Killed a death yak
 16438 | D:12     | Reached skill level 11 in Stealth
 16610 | D:12     | Killed an iron troll
 17243 | Orc:1    | Entered Level 1 of the Orcish Mines
 17301 | Orc:1    | Noticed an orc warlord
 17335 | D:12     | Killed an orc warlord
 17336 | D:12     | Reached XP level 13. HP: 88/88 MP: 12/23
 18101 | Orc:1    | Noticed Harold
 18111 | Orc:1    | Killed Harold
 18112 | Orc:1    | Reached skill level 5 in Translocations
 18176 | Orc:2    | Entered Level 2 of the Orcish Mines
 18545 | D:10     | Found a staircase to the Lair.
 18551 | Lair:1   | Entered Level 1 of the Lair of Beasts
 18786 | Lair:1   | Reached skill level 1 in Long Blades
 18949 | Lair:1   | Found a gate leading to a gauntlet.
 18956 | Gauntlet | Entered a Gauntlet
 18956 | Gauntlet | Found a transporter.
 18956 | Gauntlet | Found a transporter.
 18960 | Gauntlet | Found a transporter.
 18967 | Gauntlet | Found a transporter.
 18971 | Gauntlet | Found a large runed translucent door.
 18972 | Gauntlet | Found a large runed translucent door.
 18973 | Gauntlet | Found a large runed translucent door.
 18973 | Gauntlet | Found a large runed translucent door.
 18973 | Gauntlet | Found a large runed translucent door.
 19010 | Gauntlet | Found a transporter.
 19012 | Gauntlet | Found a large runed translucent door.
 19013 | Gauntlet | Found a large runed translucent door.
 19014 | Gauntlet | Found a runed translucent door.
 19014 | Gauntlet | Found a runed translucent door.
 19014 | Gauntlet | Found a large runed translucent door.
 19014 | Gauntlet | Found a large runed translucent door.
 19015 | Gauntlet | Found a large runed translucent door.
 19019 | Gauntlet | Found a large runed translucent door.
 19019 | Gauntlet | Found a large runed translucent door.
 19020 | Gauntlet | Found a large runed translucent door.
 19020 | Gauntlet | Found a large runed translucent door.
 19020 | Gauntlet | Found a large runed translucent door.
 19022 | Gauntlet | Found a runed translucent gate.
 19022 | Gauntlet | Found a runed translucent gate.
 19022 | Gauntlet | Found a runed translucent gate.
 19024 | Gauntlet | Found a transporter.
 19035 | Gauntlet | Found a large runed translucent door.
 19037 | Gauntlet | Found a transporter.
 19125 | Gauntlet | Found a transporter.
 19134 | Gauntlet | Found a transporter.
 19143 | Gauntlet | Noticed a balrug
 19149 | Gauntlet | Found a transporter.
 19162 | Gauntlet | Found a transporter.
 19257 | Gauntlet | Found a transporter.
 19267 | Gauntlet | Found a transporter.
 19268 | Gauntlet | Found a transporter.
 19277 | Gauntlet | Found a transporter.
 19277 | Gauntlet | Found a transporter.
 19604 | Gauntlet | Identified a scroll of acquirement
 19604 | Gauntlet | Acquired a +2 buckler of protection
 19786 | Gauntlet | Reached skill level 5 in Shields
 19972 | Gauntlet | Killed from afar by a lightning spire

Illustrated notes

Levels and vault maps discovered:
D:1:      minmay_arrival_doors, layout_loops_ring
D:2:      minmay_chambers_of_twos, layout_rooms, minmay_puff,
          uniq_crazy_yiuf_cottage
D:3:      layout_rooms, mainiacjoe_overflow_six_doors_small,
          mainiacjoe_overflow_concentric_impassable,
          minmay_fractal_squares_gapless_5
D:4:      layout_rooms, nicolae_hepliaklqana_hippocampus,
          nicolae_overflow_guarded_unrand_okawaru_victory
D:5:      layout_basic, elyvilon_altar_5
D:6:      layout_layer_cave
D:7:      layout_loops_ring, minmay_temple_entry_drinking_statues,
          kennysheep_cluttered_room, minmay_misc_feat_columns,
          minmay_shop_damaged, uniq_maurice
D:8:      layout_loops_ring, grunt_dithmenos_smoke, nicolae_uskayaw_suspiria,
          lemuel_doored_altar, hangedman_decor_riveting
D:9:      layout_cave_pools, gammafunk_ghost_cemetery, minmay_increasing_density
D:10:     layout_roguey, erik_lair_dragon, serial_shops,
          nicolae_shop_behind_doors, enter_bailey_8, grunt_decor_resistance,
          minmay_shop_mass, amcnicky_mini_corridor_feature
D:11:     layout_grid_maze
D:12:     lemuel_troll_bridge, layout_long_grid, david_orc_5, special_room
          [special_room_orc], st_stairs_1
Temple:   eino_temple_lava
Lair:1:   layout_gridlike, gammafunk_ghost_ooze, gauntlet_entry_generic,
          hangedman_lair_generics_rect, lemuel_fruit_fields
Orc:1:    layout_diamond_mine, nicolae_volcano_entry_two_sided, uniq_gastronok,
          uniq_harold
Orc:2:    st_orc_mages, layout_diamond_mine, gammafunk_ghost_smash,
          kennysheep_orc_sif_temple
Gauntlet: gammafunk_gauntlet_branching [nicolae_gauntlet_arena_quarters,
          gammafunk_gauntlet_arena_split_x,
          minmay_gauntlet_arena_make_your_own_arena,
          nicolae_gauntlet_arena_t_cross, gammafunk_gauntlet_arena_grid,
          nicolae_gauntlet_arena_flowing_pool, nicolae_gauntlet_swirl,
          gammafunk_gauntlet_arena_chambers, gauntlet_exit_hidden_loot]

Skill      XL: |  1  2  3  4  5  6  7  8  9 10 11 12 13 |
---------------+----------------------------------------+-----
Fighting       | 1 2 3 4 5 6 7 |  7.8
Stealth        | 3 4 5 6 7 9 10 11 | 11.2
Air Magic      | 1 2 3 4 5 6 7 |  7.6
Short Blades   | 1 2 3 4 |  4.9
Conjurations   | 1 2 3 4 5 6 7 |  7.2
Spellcasting   | 2 3 4 5 7 |  7.9
Dodging        | 2 3 4 6 7 |  7.7
Necromancy     | 1 2 3 4 5 7 |  7.5
Alchemy        | 3 4 |  4.7
Shields        | 4 5 |  5.0
Throwing       | 1 2 3 |  3.3
Translocations | 2 3 4 5 |  5.1
Long Blades    | 1 |  1.0
Invocations    | |  1.0

Action                     |  1- 3 |  4- 6 |  7- 9 | 10-12 | 13-15 || total
---------------------------+-------+-------+-------+-------+-------++-------
  Melee: Dagger            |    72 |    71 |   198 |   273 |   122 ||   736
         Constrict         |    23 |    21 |    41 |    62 |    41 ||   188
         Tentacles         |    17 |    19 |    59 |    99 |    57 ||   251
         Punch             |       |       |     7 |     8 |     4 ||    19
         Long sword        |       |       |       |    13 |    24 ||    37
         Staff             |       |       |       |       |     1 ||     1
  Throw: Dart              |       |       |     7 |    91 |    13 ||   111
         Boomerang         |       |       |     2 |    22 |       ||    24
   Cast: Sting             |     3 |    14 |    29 |    17 |       ||    63
         Mephitic Cloud    |       |     2 |    13 |    73 |    17 ||   105
         Blink             |       |       |       |     3 |     4 ||     7
         Vampiric Draining |       |       |       |    20 |    38 ||    58
         Dispel Undead     |       |       |       |     4 |       ||     4
 Invoke: Call Merchant     |       |       |       |     1 |     1 ||     2
  Evoke: Wand              |       |       |       |     1 |     5 ||     6
    Use: Potion            |       |       |     8 |     2 |     3 ||    13
         Scroll            |       |       |    10 |    10 |    12 ||    32
   Stab: Sleeping          |    15 |    12 |     9 |    15 |     3 ||    54
         Confused          |       |     1 |     5 |    32 |    11 ||    49
         Distracted        |       |       |     2 |     1 |       ||     3
         Invisible         |       |       |       |     5 |       ||     5
         Paralysed         |       |       |       |     1 |       ||     1
 Armour: Skin              |    11 |    26 |    96 |    78 |    75 ||   286
  Dodge: Dodged            |    22 |    31 |    89 |    76 |    70 ||   288
  Block: Buckler           |    14 |    19 |    59 |   103 |   101 ||   296
         Reflection        |       |       |       |     6 |     1 ||     7
